 Dungeon Crawl Stone Soup version 0.19-a0-1931-gf4bb0bd (webtiles) character file.

622706 Geomchi the Slayer (level 27, -18/226 HPs)
             Began as a Formicid Fighter on Oct 25, 2016.
             Was the Champion of Okawaru.
             Killed from afar by a hellion (35 damage)
             ... with damnation
             ... on level 1 of the Depths.
             The game lasted 01:41:18 (56580 turns).

Geomchi the Slayer (Formicid Fighter)              Turns: 56580, Time: 01:41:19

Health: -18/226    AC: 56    Str: 26      XL:     27
Magic:  32/32      EV: 19    Int: 12      God:    Okawaru [******]
Gold:   2963       SH: 29    Dex:  9 (10) Spells: 0 memorised, 26 levels left

rFire  + + +     SeeInvis +     U - +6 executioner's axe (elec)
rCold  + + +     Gourm    .     z - +16 crystal plate armour of Integrity {MR+}
rNeg   . . .     Faith    .     X - +2 large shield {rF+}
rPois  +         Spirit   .     (helmet unavailable)
rElec  +         Reflect  +     l - +1 cloak of Starlight {rElec rC+ EV+4 Stlth--}
rCorr  +         Harm     .     n - +0 pair of gloves "Liuhoru" {rC+}
MR     ++++.                    T - +2 pair of boots
Stlth  ..........               F - amulet of Fatigue {Reflect rElec rF+ Str-2 Dex+2 SH+4}
                                K - ring of resist corrosion
                                M - ring of protection from magic

@: resistant, heroism, finesse, heavily drained
A: permanent stasis, dig shafts and tunnels, four strong arms, antennae 3,
rugged brown scales 1, clumsy 1, deterioration 1, frail 1, low mp 1,
regeneration 1, weak 1, subdued magic 1
a: Dig, Shaft Self, Heroism, Finesse, Renounce Religion
0: Orb of Zot
}: 3/15 runes: serpentine, barnacled, abyssal


You were on level 1 of the Depths.
You worshipped Okawaru.
Okawaru was exalted by your worship.
You were not hungry.

You visited 8 branches of the dungeon, and saw 45 of its levels.
You visited the Abyss 2 times.

You collected 6922 gold pieces.
You spent 3959 gold pieces at shops.

Inventory:

Hand Weapons
 B - a +5 battleaxe of electrocution
 U - a +6 executioner's axe of electrocution (weapon)
Armour
 h - the +3 large shield of Xoepn {Int+2 Dex+3}
   (Okawaru gifted it to you on level 11 of the Dungeon)

   It affects your intelligence (+2).
   It affects your dexterity (+3).
 l - the +1 cloak of Starlight (worn) {rElec rC+ EV+4 Stlth--}
   (You bought it in a shop on level 3 of the Shoals)

   It affects your evasion (+4).
   It protects you from cold.
   It insulates you from electricity.
   It makes you much less stealthy.
 n - the +0 pair of gloves "Liuhoru" (worn) {rC+}
   (Okawaru gifted it to you on level 3 of the Vaults)

   It protects you from cold.
 z - the +16 crystal plate armour of Integrity (worn) {MR+}
   (You bought it in a shop on level 2 of the Orcish Mines)

   It affects your resistance to hostile enchantments.
 T - a +2 pair of boots (worn)
 X - a +2 large shield of fire resistance (worn)
Jewellery
 a - an uncursed ring of protection from cold
 u - an uncursed ring of poison resistance
 w - an uncursed ring of protection from fire
 A - an uncursed amulet of regeneration
 C - a +3 amulet of reflection
 F - the amulet of Fatigue (around neck) {Reflect rElec rF+ Str-2 Dex+2 SH+4}
   (You took it off a vampire knight on level 2 of the Depths)

   [amulet of reflection]

   It shields you and reflects attacks.
   It affects your strength (-2).
   It affects your dexterity (+2).
   It protects you from fire.
   It insulates you from electricity.
   It affects your SH (+4).
 K - a ring of resist corrosion (right hand)
 M - a ring of protection from magic (left hand)
Wands
 G - a wand of lightning (5/15)
 Q - a wand of flame (28/48)
 Y - a wand of iceblast (6/15)
Scrolls
 b - 17 scrolls of enchant armour
 c - 2 scrolls of silence
 d - 4 scrolls of fog
 e - 27 scrolls of remove curse
 m - 9 scrolls of recharging
 x - 10 scrolls of magic mapping
 y - 7 scrolls of identify
 D - 12 scrolls of amnesia
 I - 2 scrolls of summoning
 N - 2 scrolls of fear
 P - 5 scrolls of holy word
 S - 2 scrolls of acquirement
Potions
 i - 4 potions of flight
 o - 5 potions of magic
 p - 4 potions of brilliance
 q - a potion of cancellation
 r - 9 potions of curing
 H - a potion of invisibility
 O - 4 potions of might
 Z - 2 potions of agility
Miscellaneous
 R - 2 phantom mirrors
Comestibles
 f - 23 bread rations {@e1}
 g - 13 slices of pizza
 j - 6 royal jellies
 k - 30 fruits
 s - 10 meat rations {@e2}
 E - 11 beef jerkies


   Skills:
 + Level 25.8(24.8) Fighting
 - Level 21.8(24.7) Axes
 - Level 22.0(24.8) Armour
 + Level 20.2(23.1) Dodging
 - Level 16.0(19.1) Shields
 - Level 18.4(16.6) Invocations


You had 26 spell levels left.
You didn't know any spells.

Dungeon Overview and Level Annotations

Branches:
Dungeon (15/15)            Temple (0/1) D:7            Lair (6/6) D:11
 Shoals (4/4) Lair:2        Snake (4/4) Lair:3        Slime (0/5) Lair:6
    Orc (2/2) D:11            Elf (0/3) Orc:2        Vaults (4/5) D:13
  Crypt (0/3) Vaults:2     Depths (5/5) D:15            Zot (5/5) Depths:5

Altars:
Dithmenos
Fedhas
Kikubaaqudgha
Makhleb
Nemelex Xobeh
Okawaru
Qazlal
Ru
Sif Muna
Trog
Vehumet
Yredelemnul
Zin
Jiyva

Shops:
D:4 *   D:5 =   D:8 ?   D:9 ?   D:14 [   Orc:2 %([[   Shoals:2 *   Shoals:3 [
Snake:2 }   Snake:3 }==   Vaults:3 *   Depths:5 *

Portals:
Hell: Depths:1 Depths:2 Depths:3 Depths:5
Abyss: Depths:3 Depths:4
Pandemonium: Depths:3 Depths:5
Ziggurat: Depths:3
Trove: D:15 (give 2 potions of cure mutation)

Annotations:
D:13 exclusion: orange crystal statue
Lair:3 exclusion: 2 oklob plants
Lair:6 exclusion: oklob plant
Zot:4 exclusion: 3 oklob plants
Zot:5 exclusion: upstairs


Innate Abilities, Weirdness & Mutations

You are under a permanent stasis effect.
You can dig through walls and to a lower floor.
Your four strong arms can wield two-handed weapons with a shield.
You have a pair of large antennae on your head. (SInv)
You are partially covered in rugged brown scales. (AC +1, +3% HP)
You are clumsy. (Dex -2)
Your body sometimes deteriorates upon taking damage.
You are frail. (-10% HP)
Your magical capacity is low. (-10% MP)
Your natural rate of healing is unusually fast.
You are weak. (Str -2)
Your spells are a little easier to cast, but a little less powerful.


Message History

* * * LOW HITPOINT WARNING * * *
You block the red devil's attack.
The large abomination is engulfed in freezing vapours.
The large abomination is destroyed!
The sun demon hits the sun demon shaped block of ice but does no damage.
Heoch hits you but does no damage.
You take 14 damage, and have 5/226 hp.
You feel better.
You are engulfed in freezing vapours.
You resist.
Heoch is engulfed in freezing vapours.
You block Heoch's attack.
The sun demon hits the sun demon shaped block of ice!!
The sun demon shaped block of ice is engulfed in flames!!
The sun demon shaped block of ice melts!
The sun demon shaped block of ice is destroyed!
You block the red devil's attack.
You regained 10 hp, and now have 15/226 hp.
You block the red devil's attack. x2; Heoch is engulfed in freezing vapours.
Heoch hits you but does no damage. The hellion gestures at you.
The sphere of damnation explodes!
The damnation engulfs you!
You die...

....# #....§§.# #...........#≈
....# #......§# #...........#≈
....# #..###§§####......##...#≈
....# #..# #.§..........##...#≈
....# #..# #§§.4........##...#≈
##[[# #..# #.§2342......##...#≈
#..# #..# #.§&§§4......##...#≈
#..# #..# #§.§.§§......##..##≈
#..# ########§§@§.§......##..##≈
#..# #.....##§.....§§[...##..##≈
#..# #.|♣..##.......[....##..##≈
#..# #.♣8♣.##........##(.....##≈
#..###..♣..##........##......##≈
#....#.....##........##..##..##≈
#....###'####........##..##..##≈
##..###
#..###........##..##...#≈ ....#
#.............##..##...#≈


You could see Heoch, a balrug, a sun demon, a hellion and 3 red devils.

Vanquished Creatures
  8 orbs of fire
  Mennas (Depths:3)
  2 ancient liches
  3 juggernauts
  Sojobo (Vaults:3)
  The ghost of busta the Conqueror, a legendary GrFi of Ashenzari (Zot:4)
  Margery (Vaults:2)
  A curse toe (Zot:2)
  A Killer Klown (Zot:5)
  3 caustic shrikes
  11 golden dragons
  6 bone dragons
  8 liches
  5 electric golems
  17 tentacled monstrosities
  6 death cobs
  20 Orb Guardians (Zot:5)
  A titan (Depths:2)
  5 quicksilver dragons
  14 tentacled starspawn
  2 sphinxes
  4 krakens (Shoals:4)
  2 ancient champions
  Gastronok (Lair:1)
  Agnes (D:15)
  Kirke (D:12)
  3 tengu reavers
  15 storm dragons
  5 shadow dragons
  10 fire giants
  Ilsuiw (Shoals:4)
  7 draconian monks
  4 vault wardens
  7 frost giants
  3 iron dragons
  13 nagarajas (Snake:4)
  8 draconian zealots
  2 cacodemons
  Louise (Depths:4)
  10 draconian scorchers
  3 draconian shifters
  A deep elf elementalist (Vaults:4)
  5 ghost moths
  4 draconian knights
  An angel (Zot:2)
  24 stone giants
  4 draconian annihilators
  2 reapers
  A caustic shrike skeleton (Depths:1)
  8 very ugly things
  A draconian caller (Zot:5)
  10 ironheart preservers
  An ophan (Abyss:2)
  7 black draconians
  2 deep elf demonologists
  7 vampire knights
  12 green draconians
  5 deep elf annihilators
  16 white draconians
  A lorocyproca (Abyss:5)
  5 purple draconians
  10 red draconians
  Azrael (Orc:1)
  12 mottled draconians
  10 spark wasps
  11 yellow draconians
  3 deep elf death magi
  5 merfolk javelineers
  An eidolon (Vaults:2)
  8 ettins
  4 merfolk impalers
  7 fire dragons
  10 great orbs of eyes
  10 yaktaur captains
  18 naga warriors
  Josephine (D:10)
  2 deep elf high priests
  Harold (Lair:1)
  8 vault guards
  2 hydras
  10 rakshasas
  14 ice dragons
  2 hell beasts
  7 spriggan air magi
  2 satyrs
  5 merfolk avatars
  2 alligator snapping turtles (Shoals:4)
  10 centaur warriors
  5 merfolk aquamancers
  17 anacondas
  A death knight (D:15)
  8 hell hogs (Abyss:3)
  10 death yaks (Lair:6)
  A tengu warrior (Depths:4)
  13 deep troll shamans
  15 ogre magi
  The ghost of Wizop the Unseen, a journeyman SpEn of Gozag (Lair:4)
  9 naga sharpshooters
  3 vampire magi
  6 shock serpents
  10 thrashing horrors
  10 deep troll earth magi
  12 hell knights
  3 deep elf knights
  3 spriggan berserkers
  2 sun demons
  2 fire crabs (shapeshifter)
  4 sixfirhies
  10 wretched stars
  13 skeletal warriors
  A titan skeleton (D:15)
  13 sea snakes
  2 salamander mystics
  A death drake (shapeshifter) (Vaults:4)
  A shadow wraith (Abyss:4)
  5 iron trolls
  A spatial maelstrom (Abyss:4)
  A death drake (Abyss:2)
  4 hill giants
  4 wizards
  4 glowing orange brains
  An unseen horror (Vaults:1)
  22 deep trolls
  A lindwurm (shapeshifter) (Vaults:2)
  5 phantasmal warriors
  6 naga ritualists
  A wolf spider zombie (D:15)
  6 flayed ghosts
  3 deep elf archers
  11 ironbrand convokers
  A lindwurm (Lair:5)
  23 harpies
  A sphinx zombie (D:15)
  11 necromancers
  7 mana vipers
  5 wolf spiders
  5 orc knights
  3 frost giant zombies
  11 fauns
  A fire giant zombie (Vaults:2)
  An orc sorcerer (Orc:2)
  13 deep elf magi
  21 ugly things
  2 shining eyes
  4 worldbinders
  11 manticores
  29 moths of wrath
  17 guardian serpents
  9 sirens
  9 salamanders
  4 cyclopes
  11 elephants
  Joseph (D:8)
  3 rust devils
  Maurice (D:9)
  4 apocalypse crabs
  A fire giant skeleton (Depths:1)
  17 vault sentinels
  16 naga magi
  6 smoke demons
  A centaur zombie (D:14)
  2 gargoyles
  12 spiny frogs
  A water nymph (Shoals:4)
  32 black mambas
  A torpor snail (shapeshifter) (Vaults:2)
  2 rime drakes
  A spiny frog (shapeshifter) (D:14)
  A kobold demonologist (D:13)
  3 orange demons
  18 yaktaurs
  12 komodo dragons
  61 starcursed masses
  8 freezing wraiths
  An ice devil (Depths:1)
  4 tengu conjurers
  A red devil (Depths:1)
  5 ancient zymes
  9 trolls
  A yaktaur skeleton (D:15)
  A komodo dragon (shapeshifter) (Vaults:2)
  A meliai (shapeshifter) (Depths:3)
  A silent spectre (Abyss:5)
  8 meliai
  23 merfolk
  A queen bee (Abyss:3)
  A shadow dragon simulacrum (Abyss:4)
  A tengu simulacrum (Vaults:3)
  A wind drake (Shoals:1)
  A polar bear (shapeshifter) (Depths:2)
  20 two-headed ogres
  Grinder (D:6)
  10 blink frogs
  5 polar bears
  A hornet (shapeshifter) (Vaults:2)
  Prince Ribbit (D:8)
  6 hornets
  22 raiju
  A fire giant simulacrum (Depths:1)
  26 dream sheep
  19 slime creatures
  15 hippogriffs
  A hippogriff (shapeshifter) (Vaults:4)
  6 snapping turtles
  9 ynoxinuls
  3 shadows
  21 water elementals
  13 spriggans (Lair:6)
  6 air elementals (Depths:4)
  A redback (shapeshifter) (Depths:1)
  2 spriggans (shapeshifter)
  3 tarantellas (shapeshifter)
  3 wyverns
  6 hogs
  56 yaks
  A vampire (D:12)
  9 wraiths
  A golden eye (shapeshifter) (Vaults:4)
  26 large abominations
  18 humans
  2 golden eyes
  A steam dragon (Lair:3)
  2 chaos spawn
  3 fire elementals
  The ghost of Geomchi the Shield-Bearer, an amateur FoFi (D:4)
  Grum (Lair:1)
  4 basilisks
  2 hungry ghosts
  4 vampire mosquitoes (D:15)
  10 neqoxecs
  2 wargs
  2 mottled dragons (Vaults:1)
  2 spatial vortices (Abyss:4)
  A harpy simulacrum (Abyss:4)
  12 water moccasins
  62 nagas
  A deep troll skeleton (Vaults:3)
  A hell hound (Orc:2)
  8 porcupines
  An ice beast (D:6)
  A hornet zombie (D:10)
  An elf simulacrum (Depths:1)
  35 orc warriors
  6 black bears
  4 sky beasts
  A black bear (shapeshifter) (Vaults:2)
  A necrophage (D:9)
  6 phantoms
  59 ogres
  4 eyes of draining
  14 centaurs
  29 wolves
  16 boggarts
  A crocodile (shapeshifter) (Vaults:1)
  15 crocodiles
  5 big kobolds
  A human skeleton (Vaults:2)
  3 human zombies
  24 bullfrogs
  A water moccasin zombie (D:7)
  A wyvern zombie (D:10)
  A wyvern skeleton (D:13)
  5 scorpions
  A human simulacrum (Vaults:2)
  13 killer bees
  A howler monkey (D:8)
  20 wights
  5 electric eels
  12 crimson imps
  A bullfrog zombie (D:5)
  3 quasits
  4 bullfrog skeletons
  8 centaur skeletons
  8 hounds
  16 orc priests
  A hound (shapeshifter) (Vaults:3)
  6 jellies
  25 orc wizards
  An iron imp (Abyss:1)
  A gnoll shaman (D:7)
  8 iguanas
  6 worker ants
  Natasha (thrice) (D:2)
  16 small abominations
  A hound skeleton (D:5)
  3 worker ant zombies
  4 gnolls
  11 adders
  7 shadow imps
  3 white imps
  4 ufetubi
  An ooze (D:1)
  2 adder skeletons
  A worm (D:5)
  3 dart slugs
  4 leopard geckos
  91 orcs
  9 giant cockroaches
  36 goblins
  27 hobgoblins
  18 kobolds
  2 quokkas
  3 bats
  2 frilled lizards
  A jackal skeleton (D:6)
  A quokka zombie (D:8)
  4 rats
  A bush (Lair:5)
  4 crawling corpses (Depths:5)
  5 fungi
  A lurking horror (Abyss:4)
  14 plants
  16 starspawn tentacles
  21 tentacles (Shoals:4)
2352 creatures vanquished.

Vanquished Creatures (others)
  A draconian shifter (Zot:1)
  2 stone giants
  A draconian caller (Zot:2)
  Nessos (Lair:6)
  A yellow draconian (Zot:2)
  A white draconian (Zot:2)
  4 merfolk javelineers
  A yaktaur captain (Vaults:4)
  2 centaur warriors
  2 tengu warriors
  2 naga sharpshooters
  A sun demon (Depths:1)
  A deep elf archer (Vaults:2)
  A shadow demon (Zot:3)
  A wizard (D:6)
  4 cyclopes
  A moth of wrath (Zot:5)
  2 yaktaurs
  A merfolk (Shoals:2)
  A large abomination (Depths:1)
  3 golden eyes (Abyss:4)
  5 orc warriors (Orc:2)
  14 centaurs
  A killer bee (Abyss:3)
  A centaur skeleton (D:12)
  5 orcs (Orc:2)
  A goblin (D:5)
  A kobold (D:13)
  A block of ice (Depths:1)
  A bush (Zot:4)
  4 fungi (Zot:4)
  2 lurking horrors
  13 plants
  24 starspawn tentacles
  48 tentacles (Shoals:4)
155 creatures vanquished.

Grand Total: 2507 creatures vanquished

Notes
Turn   | Place    | Note
-------+----------+-------------------------------------------
     0 | D:1      | Geomchi the Formicid Fighter began the quest for the Orb.
     0 | D:1      | Reached XP level 1. HP: 18/18 MP: 1/1
    86 | D:1      | Reached XP level 2. HP: 23/24 MP: 2/2
   345 | D:1      | Reached XP level 3. HP: 30/30 MP: 3/3
   497 | D:2      | Noticed Natasha
   508 | D:2      | Killed Natasha
   599 | D:2      | Reached XP level 4. HP: 35/37 MP: 4/4
   659 | D:2      | Noticed Natasha
   673 | D:2      | Killed Natasha
   673 | D:2      | Reached skill level 4 in Fighting
   959 | D:2      | Noticed Natasha
   965 | D:2      | Killed Natasha
   965 | D:2      | Reached XP level 5. HP: 33/42 MP: 5/5
  1099 | D:2      | Found a sparkling altar of Nemelex Xobeh.
  1191 | D:2      | Found a faded altar of an unknown god.
  1191 | D:2      | Found an iron altar of Okawaru.
  1216 | D:2      | Found a faded altar of an unknown god.
  1219 | D:2      | Became a worshipper of Warmaster Okawaru
  1262 | D:2      | Found a faded altar of an unknown god.
  1264 | D:2      | Found a faded altar of an unknown god.
  1529 | D:3      | Noticed a phantom
  1546 | D:3      | Killed a phantom
  1546 | D:3      | Reached XP level 6. HP: 26/49 MP: 6/6
  2461 | D:4      | Noticed an ogre
  2467 | D:4      | Killed an ogre
  2467 | D:4      | Reached skill level 5 in Axes
  2467 | D:4      | Reached skill level 5 in Shields
  2468 | D:4      | Reached skill level 5 in Fighting
  2468 | D:4      | Reached XP level 7. HP: 56/56 MP: 7/7
  2517 | D:4      | Noticed Geomchi's ghost (amateur FoFi)
  2542 | D:4      | Killed Geomchi's ghost
  2542 | D:4      | Reached * piety under Okawaru
  3107 | D:4      | Found Palyfit's General Store.
  3279 | D:5      | Entered Level 5 of the Dungeon
  3692 | D:5      | Reached XP level 8. HP: 35/63 MP: 8/8
  3964 | D:5      | Reached ** piety under Okawaru
  4071 | D:5      | Reached skill level 6 in Fighting
  4643 | D:5      | Found Peggisas's Jewellery Shoppe.
  4650 | D:5      | Bought a +3 amulet of reflection for 275 gold pieces
  4682 | D:5      | Found a radiant altar of Vehumet.
  4682 | D:5      | Found an ancient bone altar of Kikubaaqudgha.
  4683 | D:5      | Found a deep blue altar of Sif Muna.
  4955 | D:5      | Reached *** piety under Okawaru
  4955 | D:5      | Reached XP level 9. HP: 71/71 MP: 9/9
  5208 | D:6      | Found a bloodstained altar of Trog.
  5257 | D:6      | Found a glowing silver altar of Zin.
  5469 | D:6      | Reached skill level 7 in Fighting
  5498 | D:6      | Gained mutation: You are partially covered in rugged brown scales. (AC +1, +3% HP) [potion of mutation]
  5498 | D:6      | Gained mutation: Your mind is acute. (Int +2) [potion of mutation]
  5498 | D:6      | Gained mutation: You are partially covered in large bone plates. (SH +4) [potion of mutation]
  6406 | D:6      | Reached **** piety under Okawaru
  6406 | D:6      | Reached skill level 5 in Armour
  6409 | D:6      | Noticed a wizard
  6411 | D:6      | Killed a wizard
  6455 | D:6      | Noticed Grinder
  6483 | D:6      | Killed Grinder
  6483 | D:6      | Reached XP level 10. HP: 82/82 MP: 10/10
  6704 | D:7      | Reached skill level 8 in Fighting
  6749 | D:7      | Found a staircase to the Ecumenical Temple.
  6860 | D:7      | Reached skill level 10 in Axes
  6931 | D:7      | Found a burning altar of Makhleb.
  8066 | D:8      | Found a stormy altar of Qazlal.
  8067 | D:8      | Found a shadowy altar of Dithmenos.
  8073 | D:8      | Reached skill level 9 in Fighting
  8140 | D:8      | Found Deijuh's Magic Scroll Shop.
  8143 | D:8      | Bought 3 scrolls of enchant armour for 292 gold pieces
  8216 | D:8      | Noticed Joseph
  8222 | D:8      | Killed Joseph
  8222 | D:8      | Reached XP level 11. HP: 88/91 MP: 8/11
  8293 | D:8      | Noticed a cyclops
  8324 | D:8      | Noticed Prince Ribbit
  8351 | D:8      | Killed Prince Ribbit
  9355 | D:9      | Noticed Maurice
  9366 | D:9      | Killed Maurice
  9366 | D:9      | Reached ***** piety under Okawaru
  9428 | D:9      | Found a blossoming altar of Fedhas.
  9443 | D:9      | Found Ycsoun Fahye's Magic Scroll Shop.
  9895 | D:10     | Entered Level 10 of the Dungeon
  9899 | D:10     | Noticed Josephine
  9956 | D:9      | Reached skill level 10 in Fighting
  9975 | D:10     | Killed Josephine
 11449 | D:10     | Reached XP level 12. HP: 101/101 MP: 12/12
 11835 | D:11     | Reached skill level 11 in Fighting
 11856 | D:11     | Reached ****** piety under Okawaru
 11889 | D:11     | Found a staircase to the Orcish Mines.
 12201 | D:11     | Received a gift from Okawaru
 12204 | D:11     | Got a distressingly furry large shield {god gift}
 12215 | D:11     | Identified the +3 large shield of Xoepn {Int+2 Dex+3} (Okawaru gifted it to you on level 11 of the Dungeon)
 12303 | D:11     | Found a staircase to the Lair.
 12713 | Lair:1   | Entered Level 1 of the Lair of Beasts
 13078 | Lair:1   | Noticed Gastronok
 13357 | Lair:1   | Noticed Harold
 13402 | Lair:1   | Killed Harold
 13524 | Lair:1   | Killed Gastronok
 13524 | Lair:1   | Reached skill level 12 in Fighting
 13524 | Lair:1   | Reached XP level 13. HP: 62/111 MP: 13/13
 13771 | Lair:1   | Noticed Grum
 13781 | Lair:1   | Killed Grum
 13926 | Lair:1   | Reached skill level 15 in Axes
 14212 | Lair:2   | Received a gift from Okawaru
 14564 | Lair:2   | Found a staircase to the Shoals.
 15649 | Lair:3   | Found a staircase to the Snake Pit.
 16153 | Lair:3   | Noticed an eight-headed hydra
 16174 | Lair:3   | Killed a 17-headed hydra
 16957 | Lair:4   | Reached skill level 1 in Invocations
 17072 | Lair:4   | Noticed Wizop's ghost (journeyman SpEn)
 17077 | Lair:4   | Reached XP level 14. HP: 119/119 MP: 15/17
 17084 | Lair:4   | Killed Wizop's ghost
 17088 | Lair:4   | Reached skill level 5 in Invocations
 17140 | Lair:4   | Received a gift from Okawaru
 18450 | Lair:5   | Reached skill level 10 in Invocations
 19036 | Lair:6   | Entered Level 6 of the Lair of Beasts
 19060 | Lair:6   | Reached skill level 10 in Shields
 19206 | Lair:6   | Reached skill level 13 in Fighting
 19278 | Lair:6   | Received a gift from Okawaru
 19555 | Lair:6   | Reached XP level 15. HP: 116/127 MP: 22/22
 20158 | Lair:6   | Received a gift from Okawaru
 20247 | Lair:6   | Noticed Nessos
 20253 | Lair:6   | Killed Nessos
 20330 | Lair:6   | Found a viscous altar of Jiyva.
 20331 | Lair:6   | Found a staircase to the Slime Pits.
 20841 | Orc:1    | Entered Level 1 of the Orcish Mines
 21169 | Orc:2    | Entered Level 2 of the Orcish Mines
 21184 | Orc:2    | Noticed Azrael
 21257 | Orc:1    | Killed Azrael
 21380 | Orc:2    | Found a staircase to the Elven Halls.
 21445 | Orc:2    | Noticed a stone giant
 21456 | Orc:2    | Killed a stone giant
 21456 | Orc:2    | Reached skill level 14 in Fighting
 21654 | Orc:2    | Gained mutation: Your natural rate of healing is unusually fast. [a neqoxec]
 21833 | Orc:2    | Found Onunwim's Weapon Boutique.
 21833 | Orc:2    | Found Ciffefoe's Armour Emporium.
 21835 | Orc:2    | Found Ydghae's Armour Shoppe.
 21837 | Orc:2    | Found Coit's Food Shop.
 21854 | Orc:2    | Bought the +16 crystal plate armour of Integrity {MR+} for 1446 gold pieces
 22485 | D:12     | Noticed Kirke
 22502 | D:12     | Killed Kirke
 22502 | D:12     | Received a gift from Okawaru
 22677 | D:12     | Found a sparkling altar of Nemelex Xobeh.
 22756 | D:12     | Reached XP level 16. HP: 107/136 MP: 23/23
 24425 | D:13     | Found a gate to the Vaults.
 24854 | D:14     | Found a sparkling altar of Nemelex Xobeh.
 24965 | D:14     | Found a frozen archway.
 24980 | D:14     | Got a twisted war axe
 24983 | D:14     | Identified the +6 war axe "Lizet" {pain, rF+ SInv} (You found it on level 14 of the Dungeon)
 25056 | D:14     | Found Sisatip's Armour Emporium.
 25236 | D:15     | Entered Level 15 of the Dungeon
 25243 | D:15     | Received a gift from Okawaru
 25280 | D:15     | Found a staircase to the Depths.
 25422 | D:15     | Noticed Agnes
 25438 | D:15     | Killed Agnes
 25458 | D:15     | Reached skill level 15 in Fighting
 25640 | D:15     | Found a portal to a secret trove of treasure.
 26079 | Snake:1  | Entered Level 1 of the Snake Pit
 26103 | Snake:1  | Found a sacrificial altar of Ru.
 26138 | Snake:1  | Identified a scroll of acquirement
 26281 | Snake:1  | Reached skill level 10 in Armour
 26447 | Snake:1  | Reached XP level 17. HP: 52/146 MP: 24/24
 26873 | Snake:1  | Received a gift from Okawaru
 26887 | Snake:1  | Got a smoking chain mail {god gift}
 26888 | Snake:1  | Identified the +5 chain mail "Qadiel" {rF+ rC+ Dex-3 Stlth+} (Okawaru gifted it to you on level 1 of the Snake Pit)
 27936 | Snake:2  | Found Dusywn's Gadget Emporium.
 28672 | Snake:3  | Found Cuxikh's Jewellery Boutique.
 28673 | Snake:3  | Found Ceul's Gadget Emporium.
 28674 | Snake:3  | Found Fughesac's Jewellery Boutique.
 28680 | Snake:3  | Bought an uncursed ring of poison resistance for 260 gold pieces
 29429 | Snake:4  | Entered Level 4 of the Snake Pit
 29510 | Snake:4  | Reached skill level 16 in Fighting
 29801 | Snake:4  | Reached XP level 18. HP: 93/155 MP: 25/25
 29955 | Snake:4  | Received a gift from Okawaru
 29971 | Snake:4  | Got an encrusted broad axe {god gift}
 29976 | Snake:4  | Identified the +1 broad axe "Qyuvaeb" {chop, rElec Str+4} (Okawaru gifted it to you on level 4 of the Snake Pit)
 30268 | Snake:4  | Received a gift from Okawaru
 30363 | Snake:4  | Received a gift from Okawaru
 30386 | Snake:4  | Reached skill level 17 in Fighting
 30691 | Snake:4  | Got a serpentine rune of Zot
 30777 | Snake:4  | Reached XP level 19. HP: 99/165 MP: 26/26
 31176 | Shoals:1 | Entered Level 1 of the Shoals
 31589 | Shoals:1 | Received a gift from Okawaru
 31593 | Shoals:1 | Got a pair of warped gloves {god gift}
 31604 | Shoals:1 | Identified the +1 pair of gloves of Hangman {Int+4} (Okawaru gifted it to you on level 1 of the Shoals)
 32101 | Shoals:2 | Found Benlay's Assorted Antiques.
 32110 | Shoals:2 | Bought a potion of curing for 114 gold pieces
 32753 | Shoals:3 | Found Omexul's Armour Shop.
 32787 | Shoals:3 | Bought the +1 cloak of Starlight {rElec rC+ EV+4 Stlth--} for 845 gold pieces
 33161 | Shoals:4 | Entered Level 4 of the Shoals
 33257 | Shoals:4 | Reached skill level 18 in Fighting
 33582 | Shoals:4 | Received a gift from Okawaru
 33830 | Shoals:4 | Got a barnacled rune of Zot
 33885 | Shoals:4 | Reached XP level 20. HP: 176/176 MP: 27/27
 34066 | Shoals:4 | Noticed Ilsuiw
 34080 | Shoals:4 | Killed Ilsuiw
 34739 | Orc:2    | Bought a +5 battleaxe of electrocution for 604 gold pieces
 34880 | Vaults:1 | Entered Level 1 of the Vaults
 35033 | Vaults:1 | Reached skill level 15 in Armour
 35569 | Vaults:1 | Received a gift from Okawaru
 35719 | Vaults:1 | Reached skill level 15 in Shields
 36352 | Vaults:2 | Noticed Margery
 36372 | Vaults:2 | Killed Margery
 36372 | Vaults:2 | Reached skill level 19 in Fighting
 36379 | Vaults:2 | Reached XP level 21. HP: 148/185 MP: 22/29
 36464 | Vaults:2 | Received a gift from Okawaru
 36782 | Vaults:2 | Found a staircase to the Crypt.
 37882 | Vaults:3 | Found Sunen's General Store.
 37892 | Vaults:3 | Bought a potion of curing for 42 gold pieces
 37892 | Vaults:3 | Bought a potion of curing for 42 gold pieces
 37911 | Vaults:3 | Noticed Sojobo
 37933 | Vaults:3 | Killed Sojobo
 37946 | Vaults:3 | Received a gift from Okawaru
 37986 | Vaults:3 | Got a pair of encrusted gloves {god gift}
 38031 | Vaults:3 | Identified the +0 pair of gloves "Liuhoru" {rC+} (Okawaru gifted it to you on level 3 of the Vaults)
 38530 | Vaults:4 | Reached XP level 22. HP: 96/195 MP: 31/31
 39045 | Vaults:4 | Reached skill level 20 in Fighting
 39154 | Vaults:4 | Received a gift from Okawaru
 40117 | Depths:1 | Entered Level 1 of the Depths
 40522 | Depths:1 | Noticed a caustic shrike
 40548 | Depths:1 | Killed a caustic shrike
 40723 | Depths:1 | Received a gift from Okawaru
 40928 | Depths:1 | Reached XP level 23. HP: 203/203 MP: 32/32
 40938 | Depths:1 | Found a gateway to Hell.
 41157 | Depths:1 | Found a runed door.
 41173 | Depths:1 | Noticed a caustic shrike
 41180 | Depths:1 | Killed a caustic shrike
 41306 | Depths:2 | Received a gift from Okawaru
 41442 | Depths:2 | Reached skill level 21 in Fighting
 42416 | Depths:2 | Noticed a caustic shrike
 42428 | Depths:2 | Received a gift from Okawaru
 42443 | Depths:2 | Killed a caustic shrike
 42653 | Depths:2 | Got a clouded platinum amulet
 42892 | Depths:3 | Noticed Mennas
 42958 | Depths:3 | Killed Mennas
 42958 | Depths:3 | Reached skill level 15 in Invocations
 43004 | Depths:3 | Found a gateway to a ziggurat.
 43055 | Depths:3 | Found a one-way gate to the infinite horrors of the Abyss.
 43187 | Depths:3 | Reached XP level 24. HP: 214/214 MP: 34/34
 43382 | Depths:3 | Found a one-way gate leading to the halls of Pandemonium.
 43647 | Depths:3 | Received a gift from Okawaru
 44056 | Depths:4 | Received a gift from Okawaru
 44083 | Depths:4 | Noticed Louise
 44099 | Depths:4 | Killed Louise
 44923 | Depths:4 | Reached skill level 22 in Fighting
 44946 | Depths:4 | Noticed a juggernaut
 44960 | Depths:4 | Killed a juggernaut
 45031 | Depths:4 | Noticed a golden dragon
 45045 | Depths:4 | Killed a golden dragon
 45254 | Depths:4 | Voluntarily entered the Abyss.
 45507 | Abyss:1  | Received a gift from Okawaru
 45512 | Abyss:1  | Identified the amulet of Fatigue {Reflect rElec rF+ Str-2 Dex+2 SH+4} (You took it off a vampire knight on level 2 of the Depths)
 45616 | Abyss:1  | Reached XP level 25. HP: 223/223 MP: 35/35
 45741 | Abyss:3  | Gained mutation: Your body sometimes deteriorates upon taking damage. [a shining eye]
 46172 | Abyss:4  | Gained mutation: Potions and wands are less effective at restoring your health. [a cacodemon]
 46180 | Abyss:4  | Lost mutation: Potions and wands are less effective at restoring your health. [a cacodemon]
 46229 | Abyss:4  | Received a gift from Okawaru
 46422 | Abyss:5  | Entered Level 5 of the Abyss
 46624 | Abyss:5  | Received a gift from Okawaru
 46626 | Depths:4 | Escaped the Abyss
 46629 | Depths:4 | Gained mutation: Your spells are a little easier to cast, but a little less powerful. [a neqoxec]
 46856 | Depths:5 | Entered Level 5 of the Depths
 46914 | Depths:5 | Noticed a juggernaut
 46926 | Depths:5 | Reached skill level 1 in Dodging
 46929 | Depths:5 | Killed a juggernaut
 47134 | Depths:5 | Reached skill level 5 in Dodging
 47275 | Depths:5 | Received a gift from Okawaru
 47295 | Depths:5 | Reached XP level 26. HP: 88/232 MP: 28/36
 47490 | Depths:5 | Found a gate to the Realm of Zot.
 47633 | Depths:5 | Noticed a juggernaut
 47642 | Depths:5 | Killed a juggernaut
 47711 | Depths:5 | Found a basalt altar of Yredelemnul.
 47761 | Depths:5 | Found Gery's General Store.
 47769 | Depths:5 | Bought a potion of curing for 39 gold pieces
 48073 | Depths:5 | Received a gift from Okawaru
 48119 | Depths:4 | Voluntarily entered the Abyss.
 48120 | Abyss:1  | Noticed an ancient lich
 48126 | Abyss:1  | Reached skill level 10 in Dodging
 48128 | Abyss:1  | Killed an ancient lich
 48229 | Abyss:1  | Gained mutation: You are weak. (Str -2) [a shining eye]
 48231 | Abyss:1  | Gained mutation: You expend magic power (3 MP) to strengthen your wands. [a shining eye]
 48232 | Abyss:1  | Gained mutation: Your body often deteriorates upon taking damage. [a shining eye]
 48418 | Abyss:1  | Found a corrupted altar of Lugonu.
 48456 | Abyss:2  | Found a hazy altar of Hepliaklqana.
 48467 | Abyss:2  | Found a basalt altar of Yredelemnul.
 49011 | Abyss:2  | Lost mutation: Your mind is acute. (Int +2) [a neqoxec]
 49163 | Abyss:3  | Received a gift from Okawaru
 49469 | Abyss:3  | Got an abyssal rune of Zot
 49546 | Depths:4 | Escaped the Abyss
 49602 | Zot:1    | Entered Level 1 of the Realm of Zot
 49991 | Zot:1    | Reached XP level 27. HP: 194/239 MP: 36/36
 50622 | Zot:1    | Reached skill level 15 in Dodging
 50920 | Zot:1    | Received a gift from Okawaru
 50935 | Zot:1    | Got a pair of translucent gloves {god gift}
 50936 | Zot:1    | Identified the +0 pair of gloves "Webutzeb" {rElec Str+2} (Okawaru gifted it to you on level 1 of the Realm of Zot)
 52214 | Zot:2    | Received a gift from Okawaru
 52250 | Zot:2    | Noticed an orb of fire
 52274 | Zot:2    | Killed an orb of fire
 52274 | Zot:2    | Reached skill level 23 in Fighting
 52538 | Zot:2    | Got a brightly glowing battleaxe {god gift}
 52539 | Zot:2    | Identified the +1 battleaxe of Checks and Balances {holy, +Rage rElec rN+} (Okawaru gifted it to you on level 2 of the Realm of Zot)
 52998 | Zot:3    | Received a gift from Okawaru
 54178 | Zot:4    | Noticed busta's ghost (legendary GrFi)
 54242 | Zot:4    | Killed busta's ghost
 54242 | Zot:4    | Reached skill level 24 in Fighting
 54751 | Zot:5    | Entered Level 5 of the Realm of Zot
 54912 | Zot:5    | Received a gift from Okawaru
 55574 | Zot:5    | Noticed an orb of fire
 55588 | Zot:5    | Noticed an orb of fire
 55597 | Zot:5    | Killed an orb of fire
 55598 | Zot:5    | Gained mutation: Your magical capacity is low. (-10% MP) [an orb of fire]
 55614 | Zot:5    | Killed an orb of fire
 55696 | Zot:5    | Noticed an orb of fire
 55716 | Zot:5    | Killed an orb of fire
 55729 | Zot:5    | Noticed an ancient lich
 55737 | Zot:5    | Killed an ancient lich
 55820 | Zot:5    | Received a gift from Okawaru
 55845 | Zot:5    | Reached skill level 25 in Fighting
 55870 | Zot:5    | Noticed an orb of fire
 55873 | Zot:5    | Noticed an orb of fire
 55873 | Zot:5    | Noticed an orb of fire
 55877 | Zot:5    | Gained mutation: Scrolls take you a little longer to read. [an orb of fire]
 55886 | Zot:5    | Killed an orb of fire
 55898 | Zot:5    | Gained mutation: You are clumsy. (Dex -2) [an orb of fire]
 55900 | Zot:5    | Gained mutation: You are frail. (-10% HP) [an orb of fire]
 55905 | Zot:5    | Killed an orb of fire
 55908 | Zot:5    | Lost mutation: Your body often deteriorates upon taking damage. [an orb of fire]
 55914 | Zot:5    | Gained mutation: You occasionally shout uncontrollably at your foes. [an orb of fire]
 55926 | Zot:5    | Killed an orb of fire
 55926 | Zot:5    | Received a gift from Okawaru
 56064 | Zot:5    | Noticed an orb of fire
 56089 | Zot:5    | Killed an orb of fire
 56090 | Zot:5    | Lost mutation: Scrolls take you a little longer to read. [potion of cure mutation]
 56090 | Zot:5    | Lost mutation: You occasionally shout uncontrollably at your foes. [potion of cure mutation]
 56090 | Zot:5    | Lost mutation: You expend magic power (3 MP) to strengthen your wands. [potion of cure mutation]
 56090 | Zot:5    | Lost mutation: You are partially covered in large bone plates. (SH +4) [potion of cure mutation]
 56223 | Zot:5    | Got the Orb of Zot
 56321 | Zot:3    | Noticed Joahoenynu the pandemonium lord
 56362 | Zot:2    | Received a gift from Okawaru
 56561 | Depths:1 | Noticed Heoch the pandemonium lord
 56577 | Depths:1 | HP: 5/226 [balrug/divine providence (14)]
 56580 | Depths:1 | Killed from afar by a hellion

Vault maps used:
D:1:      eino_arrival_water_star
D:2:      overflow_temple_1_default, chequers_temple_overflow_minitemple,
          minivault_19, uniq_natasha
D:4:      serial_shops, shop
D:5:      minmay_goblin_kobold_castle, grunt_temple_overflow_magic_moments,
          first_bread, serial_shops, nicolae_shop_crystal, minmay_crystal_water
D:6:      zin_statuary, trog_wizard, uniq_grinder
D:7:      makhleb_heckhound_becter, grunt_livestock
D:8:      gammafunk_temple_overflow_pools, serial_shops, kennysheep_mini_moat,
          lightli_corner_chamber, uniq_prince_ribbit1, uniq_joseph
D:9:      serial_shops, shop, basic_altar, uniq_maurice
D:10:     serial_co_window_serial, co_window_of_opportunity_a,
          co_window_corner_a, co_window_paths_b, co_window_paths_a,
          co_window_paths_b, co_window_of_opportunity_b, co_window_paths_c,
          co_window_broadway_a, co_window_2corner, glass_columns_c,
          glass_columns_a, glass_columns_a, glass_columns_c, glass_columns_c,
          uniq_josephine
D:11:     minmay_lair_entry_grove, orc_0_dummy
D:12:     basic_altar, uniq_kirke
D:13:     grunt_vaults_entry_tiered, minivault_16, kennysheep_minor_cross,
          wad_floor_pattern_1
D:14:     serial_shops, shop, nemelex_xobeh_ov_fountains_minmay,
          portal_ice_cave_entry_pillars_1
D:15:     gammafunk_depths_entry_grave, minmay_fountain_box, enter_trove_5,
          serial_park, serial_park_tiny_2, serial_park_square1, uniq_agnes
Lair:1:   nicolae_volcano_entry_lava_flow, grunt_megastairs_1, uniq_gastronok,
          uniq_harold, uniq_grum
Lair:2:   elwin_shoals_entry_rooms, infiniplex_staircase_pool,
          grunt_megastairs_3
Lair:3:   dpeg_oklob_shooting_range, minmay_snake_entry_guardpost_small,
          forest_entry_grove, bh_autumn_forest_stairs
Lair:4:   grunt_megastairs_2, lemuel_fruit_tree
Lair:6:   minmay_lair_end_enchanted_forest, slime_altar_1, lemuel_fruit_fields,
          grunt_megastairs_5, serial_bayou_shore_b, uniq_nessos
Shoals:1: abandoned_shop
Shoals:2: serial_shops, nicolae_shop_overgrown_old_shop
Shoals:3: serial_shops, nicolae_shop_waterfront, nicolae_shoals_square_sea_wall
Shoals:4: shoals_end_hangedman, shoals_ilsuiw_alternative,
          nicolae_shoals_kraken_party
Snake:1:  basic_altar
Snake:2:  serial_shops, shop_statue, serial_bayou_shore_a
Snake:3:  minmay_shop_grove, basic_stair_grate_trap
Snake:4:  grunt_snake_rune_serpentine_throne, serial_bayou_pond_c,
          fake_guardian_serpent_vault
Orc:2:    st_orc_rangers, uniq_azrael
Vaults:1: v_rooms_4, vaults_dpeg_spiral, v_alt_pattern_1, v_misc_26, v_misc_1,
          vaults_mumra_hex, nicolae_vaults_little_squares_6,
          ontoclasm_vaults_gateway
Vaults:2: v_misc_24, minmay_crypt_entry_simple_round,
          nicolae_vaults_back_hallway, vaults_standard_mumra_enter_the_diamond,
          ontoclasm_vaults_loading_screen, dpeg_vaults_waves,
          vaults_dpeg_diagonal, nicolae_vaults_big_angled_halls, v_rooms_1,
          vaults_room_stairs_pillars, ontoclasm_vaults_twist, uniq_margery
Vaults:3: vaults_standard_mumra_x, nicolae_vaults_alarming,
          hangedman_vaults_corner, v_misc_9, nicolae_vaults_mini_display_case,
          kb_rosetta, nicolae_vaults_theta, ontoclasm_vaults_ligature,
          ontoclasm_vaults_pinch, v_misc_32, serial_shops, nicolae_shop_stone,
          uniq_sojobo
Vaults:4: vaults_mumra_minichess_inversion,
          nicolae_vaults_good_morning_starshine, v_pattern_2,
          hangedman_vaults_maws, hangedman_vaults_slice,
          vaults_dpeg_encased_lava, ontoclasm_vaults_tryst,
          ontoclasm_vaults_loading_screen, grunt_vaults_swirl,
          grunt_vaults_hallway_long, v_misc_30, vaults_room_semicircle,
          vaults_room_pools, serial_glass
Depths:1: grunt_mini_vestibule, minmay_st_funbox, grunt_ministairs_6,
          kennysheep_generic_room_13, kennysheep_random_hallway
Depths:2: minmay_nine_rooms, hell_entry, infiniplex_staircase_pillars_3b
Depths:3: evilmike_hourglass, enter_ziggurat_b, rand_demon_pan_entry_4,
          corexii_corridor_pit, grunt_hell_entry_dis_mu,
          abyss_entry_small_statue_room, uniq_mennas
Depths:4: lemuel_traditional_vault, pf_hell_entry_great_geh,
          nicolae_abyss_entry_one_way_or_another,
          infiniplex_staircase_pool_lava, basic_stair_grate_trap
Depths:5: grunt_zot_entry_alcove, serial_shops, shop, pf_hell_entry_tar_spiral,
          rand_demon_pan_entry_9, old_standard_altar, water_maze_lemuel,
          basic_stair_grate_trap
Zot:2:    grunt_zot_stairs_mandelzot
Zot:4:    grunt_zot_stairs_overgrown
Abyss:2:  hangedman_cross_veins
Abyss:3:  evilmike_abyss_exit_glass, abyss_exit_lava
Abyss:4:  hangedman_abyss_or_decor_lesser_grid
Abyss:5:  doesnt_abyss_rune_brain_food, hangedman_steaming_rock

Skill      XL: |  1  2  3  4  5  6  7  8  9 10 11 12 13 14 15 16 17 18 19 20 21 22 23 24 25 26 27 |
---------------+----------------------------------------------------------------------------------+-----
Axes           | 3 4 5 6 7 9 11 13 14 16 17 19 20 21 | 21.8
Fighting       | 4 5 6 7 9 10 12 13 14 15 16 17 18 19 20 21 22 25 | 25.8
Shields        | 4 5 7 8 9 10 12 13 15 16 | 16.0
Armour         | 5 7 10 11 13 14 15 17 19 21 22 | 22.0
Invocations    | 4 10 11 13 15 17 18 | 18.4
Dodging        | 7 13 20 | 20.2

Action                   |  1- 3 |  4- 6 |  7- 9 | 10-12 | 13-15 | 16-18 | 19-21 | 22-24 | 25-27 || total
-------------------------+-------+-------+-------+-------+-------+-------+-------+-------+-------++-------
Melee: War axe           |    51 |   126 |   103 |       |       |       |       |       |       ||   280
       Battleaxe         |       |       |   217 |   570 |  1126 |  1185 |  1359 |  1326 |       ||  5783
       Hand axe          |       |       |   108 |   235 |       |       |       |       |       ||   343
       Executioner's axe |       |       |       |       |       |       |       |    15 |  2137 ||  2152
Invok: Heroism           |       |       |     2 |     8 |    14 |     8 |     9 |     9 |    30 ||    80
       Finesse           |       |       |       |       |     3 |     4 |     1 |     4 |    12 ||    24
 Abil: Dig               |       |       |       |       |       |     1 |       |     1 |     9 ||    11
Evoke: Wand              |       |       |     6 |     2 |       |       |       |       |       ||     8
  Use: Potion            |       |     1 |     7 |     2 |     2 |     8 |       |     2 |    14 ||    36
       Scroll            |       |       |     1 |    11 |     6 |    11 |     1 |    13 |    10 ||    53
 Stab: Sleeping          |       |       |       |       |     8 |       |       |       |       ||     8
       Distracted        |       |       |       |       |     1 |       |     1 |       |       ||     2
       Invisible         |       |       |       |       |       |       |       |       |     2 ||     2
       Paralysed         |       |       |       |       |       |       |       |       |     4 ||     4
       Confused          |       |       |       |       |       |       |       |       |     1 ||     1
  Eat: Chunk             |       |    10 |    18 |    22 |    31 |    16 |    25 |    22 |    17 ||   161
       Beef jerky        |       |       |       |     1 |       |     2 |       |       |       ||     3
       Meat ration       |       |       |       |       |       |     2 |       |       |     5 ||     7
Armor: Scale mail        |    11 |    39 |    14 |       |       |       |       |       |       ||    64
       Chain mail        |       |       |   185 |   205 |    13 |       |       |       |       ||   403
       Skin              |       |       |    22 |    94 |       |       |       |       |       ||   116
       Shadow dragon sca |       |       |       |       |   174 |       |       |       |       ||   174
       Crystal plate arm |       |       |       |       |    45 |   369 |   389 |   337 |   680 ||  1820
Dodge: Dodged            |    16 |    41 |   143 |   132 |   113 |    73 |   158 |   187 |   514 ||  1377
Block: Shield            |    29 |    61 |   342 |   556 |       |       |       |       |       ||   988
       Reflection        |       |       |     2 |    38 |    80 |   121 |   178 |    75 |    39 ||   533
       Large shield      |       |       |       |   149 |  1354 |  1258 |  1469 |  1262 |  2297 ||  7789
